 Dungeon Crawl Stone Soup version 0.28.0-45-g0d030f2227 (webtiles) character file.

Game seed: 14488487546449607080

74 sanboga the Shield-Bearer (level 4, 0/29 HPs)
             Began as a Gargoyle Fighter on Apr 6, 2022.
             Slain by Sigmund
             ... wielding a +3 scythe
              (12 damage)
             ... on level 3 of the Dungeon.
             The game lasted 00:02:30 (2418 turns).

sanboga the Shield-Bearer (Gargoyle Fighter)        Turns: 2418, Time: 00:02:31

Health: 0/29       AC: 10    Str: 22    XL:     4   Next: 28%
Magic:  4/4        EV:  9    Int:  8    God:
Gold:   104        SH:  4    Dex:  9    Spells: 3/3 levels left

rFire   + . .      SeeInvis .   a - +0 war axe
rCold   x . .      Faith    .   c - +0 buckler
rNeg    + . .      Spirit   .   b - +0 scale mail
rPois   ∞          Reflect  .   (no helmet)
rElec   +          Harm     .   (no cloak)
rCorr   .          Rampage  .   (no gloves)
Will    .....                   (no boots)
Stlth   ..........              (no amulet)
HPRegen 0.09/turn               (no ring)
MPRegen 0.09/turn               m - ring of fire

@: studying Spellcasting
A: sickness immunity, AC +3, negative energy resistance 1, electricity
resistance, torment resistance 1, petrification resistance
a: no special abilities


You were on level 3 of the Dungeon.
You visited 1 branch of the dungeon, and saw 3 of its levels.

You collected 104 gold pieces.

Inventory:

Hand Weapons
 a - a +0 war axe (weapon)
Armour
 b - a +0 scale mail (worn)
 c - a +0 buckler (worn)
Jewellery
 m - a ring of fire (right hand)
 n - a ring of ice
Scrolls
 g - a scroll of enchant armour {unknown}
 h - 4 scrolls of identify {unknown}
 i - a scroll of immolation {unknown}
 k - 2 scrolls of magic mapping {unknown}
 l - a scroll of enchant weapon {unknown}
Potions
 d - a potion of might
 e - a potion of ambrosia {unknown}
 f - 2 potions of curing {unknown}
 j - a potion of haste {unknown}


   Skills:
 + Level 3.7 Fighting
 * Level 2.9 Axes
 + Level 3.7 Armour
 + Level 3.8 Shields


You had 3 spell levels left.
You didn't know any spells.
Your spell library was empty.

Dungeon Overview and Level Annotations

Branches:
Dungeon (3/15)

Altars:
Ashenzari
Cheibriados

Annotations:
D:3 Sigmund


Innate Abilities, Weirdness & Mutations

You are immune to sickness and miasma.
Your stone body is resilient. (AC +3)
You are immune to poison.
You resist negative energy. (rN+)
You are resistant to electric shocks. (rElec)
You are resistant to unholy torment.
You are immune to petrification.


Message History

No target in view!
No target in view!
Okay, then.
You remove your +6 ring of intelligence.
You feel stupid.
You drop a +6 ring of intelligence.
You feel more attuned to ice.
n - a ring of ice (left hand)
You feel more attuned to fire.
m - a ring of fire (right hand)
Things that are here:
an adder corpse; a jackal corpse
e - a ruby potion A frilled lizard comes into view.
The frilled lizard hisses angrily.
Sigmund the Dreaded comes into view.
He is wielding a +3 scythe.
There are monsters nearby!
Found a stone staircase leading down.
Sigmund points at you and mumbles some strange words.
The puff of flame hits you.
You remove your ring of ice.
The frilled lizard bites you but does no damage.
Sigmund mumbles some strange words.
Sigmund flickers and vanishes!
Deactivating autopickup; reactivate with Ctrl-A.
You closely miss the frilled lizard. The frilled lizard bites you.
The frilled lizard bites you but does no damage.
You block something's attack.
You closely miss the frilled lizard.
The frilled lizard bites you but does no damage.
You barely miss the frilled lizard. Something hits you.
The frilled lizard bites you but does no damage. x2
You closely miss the frilled lizard. You block something's attack.
You block the frilled lizard's attack.
You closely miss the frilled lizard. Something hits you!
The frilled lizard bites you but does no damage.
You slash the frilled lizard!
You kill the frilled lizard!
Something hits you!
You die...

#.........# #.#...§§♣..
#.........# #.##.§§.♣._
##.........####.....≈.♣..
#................#..≈.♣♣♣
#..........####.....≈....
...........#........)≈≈≈≈
.............#[####......
.>.........# #. ###..##
#.....@.# ##.## ##......#
#..# ####...# ##.# #...#
#.# #...#### #.#
#......##########.#
#...##.....†=..##..
#...##########..... #...#
######


There were no monsters in sight!

Vanquished Creatures
  3 adders
  A worm (D:3)
  A dart slug (D:1)
  An orc (D:3)
  3 bats
  2 endoplasms
  2 giant cockroaches
  3 goblins
  2 hobgoblins
  3 jackals (D:3)
  6 kobolds
  5 ball pythons
  2 frilled lizards (D:3)
  8 rats
42 creatures vanquished.

Notes
Turn   | Place    | Note
-------+----------+-------------------------------------------
     0 | D:1      | sanboga the Gargoyle Fighter began the quest for the Orb.
     0 | D:1      | Reached XP level 1. HP: 14/14 MP: 1/1
   133 | D:1      | Reached XP level 2. HP: 18/19 MP: 2/2
   709 | D:2      | Reached XP level 3. HP: 23/23 MP: 3/3
  2081 | D:3      | Found a broken altar of Ashenzari.
  2104 | D:3      | Reached XP level 4. HP: 28/29 MP: 4/4
  2183 | D:3      | Found a snail-covered altar of Cheibriados.
  2407 | D:3      | Noticed Sigmund
  2418 | D:3      | Slain by Sigmund

Illustrated notes

Levels and vault maps discovered:
D:1:      psy_arrival_terrarium, layout_rooms, st_stairs_10
D:2:      layout_basic, minmay_misc_feat_plants
D:3:      layout_rooms, mainiacjoe_overflow_brackets,
          mainiacjoe_overflow_24_doors, uniq_sigmund

Skill      XL: |  1 |
---------------+----+-----
Axes           | 2 |  2.9
Fighting       | |  3.7
Armour         | |  3.7
Shields        | |  3.8

Action                   |  1- 3 |  4- 6 || total
-------------------------+-------+-------++-------
Melee: War axe           |   110 |    34 ||   144
Armor: Scale mail        |    62 |    26 ||    88
Dodge: Dodged            |    65 |    15 ||    80
Block: Buckler           |    25 |     7 ||    32
